| TOP OF THE 1ST |
|
Asheville Moonshiners batting - Pitching for Bluff City Beasties : RHP Joe Grahe
|
|
Pitching: RHP Joe Grahe
|
|
|
Batting: RHB Jermaine Allensworth
|
0-0: Called Strike 0-1: Foul Ball, location: 2F 0-2: Ball 1-2: Ball 2-2: Foul Ball, location: 2F 2-2: Ball 3-2: Foul Ball, location: 2F 3-2: Ground out 4-3 (Groundball, 4, EV 87.5 MPH)
|
|
Batting: SHB Wilton Guerrero
|
0-0: Called Strike 0-1: Ground out 4-3 (Groundball, 4, EV 107.5 MPH)
|
|
Batting: LHB Randall Simon
|
0-0: Fly out, F8 (Flyball, 89M, EV 87.5 MPH)
|
| Top of the 1st over - 0 runs, 0 hits, 0 errors, 0 left on base; Asheville 0 - Bluff City 0 |
| BOTTOM OF THE 1ST |
|
Bluff City Beasties batting - Pitching for Asheville Moonshiners : RHP Orel Hershiser
|
|
Pitching: RHP Orel Hershiser
|
|
|
Batting: RHB Pat Watkins
|
0-0: Ball 1-0: Ball 2-0: Fly out, F8 (Flyball, 8RM, EV 84.4 MPH)
|
|
Batting: LHB Jeff Treadway
|
0-0: Swinging Strike 0-1: SINGLE (Line Drive, 3D, EV 98.1 MPH)
|
|
Batting: LHB Phil Plantier
|
0-0: Ball 1-0: Foul Ball, location: 2F 1-1: Ball 2-1: Foul Ball, location: 2F 2-2: Foul Ball, location: 2F 2-2: Ball 3-2: Foul Ball, location: 2F 3-2: Foul Ball, location: 2F 3-2: Foul Ball, location: 2F 3-2: Grounds into double play, 5-4-3 (Groundball, 56, EV 100.6 MPH)
|
| Bottom of the 1st over - 0 runs, 1 hit, 0 errors, 0 left on base; Asheville 0 - Bluff City 0 |
| TOP OF THE 2ND |
|
Asheville Moonshiners batting - Pitching for Bluff City Beasties : RHP Joe Grahe
|
|
Batting: RHB Chris Stynes
|
0-0: Ball 1-0: Ball 2-0: Reached on error, E3 (Groundball, 34, EV 104.4 MPH)
|
|
Batting: RHB Aaron Boone
|
0-0: Reached on error, E3 (Groundball, 3, EV 80.0 MPH) Chris Stynes to second
|
|
Batting: LHB Darren Bragg
|
0-0: Called Strike 0-1: Ball 1-1: SINGLE (Groundball, 56D, EV 97.5 MPH) Chris Stynes to third Aaron Boone to second
|
|
Batting: RHB Kevin L Brown
|
0-0: Fly out, F9 (Flyball, 9S, EV 82.5 MPH)
|
|
Batting: RHB Rikkert Faneyte
|
0-0: Grounds into double play, 5-4-3 (Groundball, 56S, EV 83.8 MPH)
|
| Top of the 2nd over - 0 runs, 1 hit, 2 errors, 2 left on base; Asheville 0 - Bluff City 0 |
| BOTTOM OF THE 2ND |
|
Bluff City Beasties batting - Pitching for Asheville Moonshiners : RHP Orel Hershiser
|
|
Batting: LHB Paul Sorrento
|
0-0: Called Strike 0-1: SINGLE (Line Drive, 9S, EV 91.3 MPH)
|
|
Batting: RHB Jeff Manto
|
0-0: Ball 1-0: Called Strike 1-1: SINGLE (Groundball, 6MD, EV 102.5 MPH) Paul Sorrento to second
|
|
Batting: LHB Dan Pasqua
|
0-0: Ball 1-0: Called Strike 1-1: Called Strike 1-2: SINGLE (Line Drive, 9S, EV 109.4 MPH) Paul Sorrento to third Jeff Manto to second
|
|
Batting: RHB Walt McKeel
|
0-0: Ball 1-0: Ball 2-0: Called Strike 2-1: Fly out, F9 (Flyball, 9D, EV 89.4 MPH) Runner from 3rd tags up, SCORES, throw by RF Jeff Manto to third
|
|
Batting: RHB Tom Evans
|
0-0: Called Strike 0-1: Ball 1-1: Ball 2-1: Grounds into double play, 6-4-3 (Groundball, 6, EV 84.4 MPH)
|
| Bottom of the 2nd over - 1 run, 3 hits, 0 errors, 1 left on base; Asheville 0 - Bluff City 1 |
| TOP OF THE 3RD |
|
Asheville Moonshiners batting - Pitching for Bluff City Beasties : RHP Joe Grahe
|
|
Batting: RHB Deivi Cruz
|
0-0: Ball 1-0: Fly out, F8 (Flyball, 8LXD, EV 107.5 MPH)
|
|
Batting: RHB Jermaine Allensworth
|
0-0: Ball 1-0: Ground out 1-3 (Groundball, 13S, EV 70.0 MPH)
|
|
Batting: SHB Wilton Guerrero
|
0-0: SINGLE (Line Drive, 7LM, EV 112.5 MPH)
|
|
Batting: LHB Randall Simon
|
0-0: Called Strike 0-1: Fly out, F9 (Flyball, 9LS, EV 77.5 MPH)
|
| Top of the 3rd over - 0 runs, 1 hit, 0 errors, 1 left on base; Asheville 0 - Bluff City 1 |
| BOTTOM OF THE 3RD |
|
Bluff City Beasties batting - Pitching for Asheville Moonshiners : RHP Orel Hershiser
|
|
Batting: SHB Jesus Tavarez
|
0-0: Foul Ball, location: 2F 0-1: Ground out 6-3 (Groundball, 6, EV 83.8 MPH)
|
|
Batting: RHB Pat Watkins
|
0-0: Called Strike 0-1: Foul Ball, location: 2F 0-2: Ball 1-2: Ball 2-2: Strikes out looking
|
|
Batting: LHB Jeff Treadway
|
0-0: Ball 1-0: Swinging Strike 1-1: Ball 2-1: Foul Ball, location: 2F 2-2: Fly out, F5 (Line Drive, 5, EV 65.0 MPH)
|
| Bottom of the 3rd over - 0 runs, 0 hits, 0 errors, 0 left on base; Asheville 0 - Bluff City 1 |
| TOP OF THE 4TH |
|
Asheville Moonshiners batting - Pitching for Bluff City Beasties : RHP Joe Grahe
|
|
Batting: RHB Chris Stynes
|
0-0: Called Strike 0-1: Called Strike 0-2: Ball 1-2: Foul Ball, location: 2F 1-2: DOUBLE (Line Drive, 89D, EV 98.1 MPH)
|
|
Batting: RHB Aaron Boone
|
0-0: Called Strike 0-1: Fly out, F9 (Flyball, 9LM, EV 102.5 MPH) Runner from 2nd tags up, SAFE at 3rd, no throw by RF
|
|
Batting: LHB Darren Bragg
|
0-0: Called Strike 0-1: Ground out 4-3 (Groundball, 4M, EV 99.4 MPH) Chris Stynes scores
|
|
Batting: RHB Kevin L Brown
|
0-0: Ball 1-0: Ground out 4-3 (Groundball, 4, EV 107.5 MPH)
|
| Top of the 4th over - 1 run, 1 hit, 0 errors, 0 left on base; Asheville 1 - Bluff City 1 |
| BOTTOM OF THE 4TH |
|
Bluff City Beasties batting - Pitching for Asheville Moonshiners : RHP Orel Hershiser
|
|
Batting: LHB Phil Plantier
|
0-0: Ground out 6-3 (Groundball, 6, EV 88.1 MPH)
|
|
Batting: LHB Paul Sorrento
|
0-0: Ball 1-0: Ball 2-0: Swinging Strike 2-1: SINGLE (Line Drive, 6MD, EV 105.6 MPH)
|
|
Batting: RHB Jeff Manto
|
Pickoff Throw to First - Out! 1-3 0-0: Ball 1-0: Ball 2-0: Swinging Strike 2-1: Ball 3-1: SINGLE (Flyball, 89S, EV 87.5 MPH)
|
|
Batting: LHB Dan Pasqua
|
0-0: Ball 1-0: Called Strike 1-1: Foul Ball, location: 2F 1-2: Ground out 4-3 (Groundball, 4, EV 82.5 MPH)
|
| Bottom of the 4th over - 0 runs, 2 hits, 0 errors, 1 left on base; Asheville 1 - Bluff City 1 |
| TOP OF THE 5TH |
|
Asheville Moonshiners batting - Pitching for Bluff City Beasties : RHP Joe Grahe
|
|
Batting: RHB Rikkert Faneyte
|
0-0: Foul Ball, location: 2F 0-1: Ball 1-1: Ball 2-1: Ball 3-1: Base on Balls
|
|
Batting: RHB Deivi Cruz
|
0-0: Bunted foul 0-1: Bunted foul 0-2: Ball 1-2: SINGLE (Line Drive, 6MD, EV 95.0 MPH) Rikkert Faneyte to second
|
|
Batting: RHB Jermaine Allensworth
|
0-0: Ball 1-0: Ball 2-0: Bunted foul 2-1: Ball 3-1: Sac Bunt to 25 - play at third, runner OUT! 5-6 Deivi Cruz to second
|
|
Batting: SHB Wilton Guerrero
|
0-0: Ball 1-0: Ball 2-0: Called Strike 2-1: Ball 3-1: Called Strike 3-2: Fielders Choice at 2nd, 5-4 (Groundball, 56, EV 77.5 MPH) Deivi Cruz to third
|
|
Batting: LHB Randall Simon
|
0-0: Ball 1-0: Ball 2-0: Fly out, F8 (Flyball, 89S, EV 90.6 MPH)
|
| Top of the 5th over - 0 runs, 1 hit, 0 errors, 2 left on base; Asheville 1 - Bluff City 1 |
| BOTTOM OF THE 5TH |
|
Bluff City Beasties batting - Pitching for Asheville Moonshiners : RHP Orel Hershiser
|
|
Batting: RHB Walt McKeel
|
0-0: Fly out, F6 (Popup, 4MS, EV 61.9 MPH)
|
|
Batting: RHB Tom Evans
|
0-0: Foul Ball, location: 2F 0-1: Fly out, F9 (Line Drive, 9, EV 100.6 MPH)
|
|
Batting: SHB Jesus Tavarez
|
0-0: Ball 1-0: Called Strike 1-1: SINGLE (Groundball, 34D, EV 95.6 MPH)
|
|
Batting: RHB Pat Watkins
|
0-0: SINGLE (Groundball, 13, EV 76.9 MPH) (infield hit) Jesus Tavarez to second
|
|
Batting: LHB Jeff Treadway
|
0-0: Ball 1-0: Called Strike 1-1: Ball 2-1: SINGLE (Groundball, 4MD, EV 100.0 MPH) Jesus Tavarez to third Pat Watkins to second Runner from 3rd tries for Home, SAFE, no throw by CF
|
|
Batting: LHB Phil Plantier
|
0-0: Ball 1-0: Foul Ball, location: 2F 1-1: SINGLE (Groundball, 6D, EV 101.3 MPH) Pat Watkins to third Jeff Treadway to second Runner from 3rd tries for Home, SAFE, throw by CF to home
|
|
Batting: LHB Paul Sorrento
|
0-0: Fly out, F9 (Line Drive, 9D, EV 86.3 MPH)
|
| Bottom of the 5th over - 2 runs, 4 hits, 0 errors, 2 left on base; Asheville 1 - Bluff City 3 |
| TOP OF THE 6TH |
|
Asheville Moonshiners batting - Pitching for Bluff City Beasties : RHP Joe Grahe
|
|
Batting: RHB Chris Stynes
|
0-0: Fly out, F2 (Popup, 3SF, EV 81.3 MPH)
|
|
Batting: RHB Aaron Boone
|
0-0: Called Strike 0-1: Ball 1-1: Swinging Strike 1-2: Ground out 4-3 (Groundball, 4, EV 83.1 MPH)
|
|
Batting: LHB Darren Bragg
|
0-0: Foul Ball, location: 2F 0-1: Foul Ball, location: 2F 0-2: Fly out, F7 (Flyball, 78D, EV 84.4 MPH)
|
| Top of the 6th over - 0 runs, 0 hits, 0 errors, 0 left on base; Asheville 1 - Bluff City 3 |
| BOTTOM OF THE 6TH |
|
Bluff City Beasties batting - Pitching for Asheville Moonshiners : RHP Orel Hershiser
|
|
Batting: RHB Jeff Manto
|
0-0: Swinging Strike 0-1: Ball 1-1: Called Strike 1-2: Ball 2-2: Ground out 5-3 (Groundball, 56S, EV 88.8 MPH)
|
|
Batting: LHB Dan Pasqua
|
0-0: Fly out, F9 (Line Drive, 9D, EV 86.9 MPH)
|
|
Batting: RHB Walt McKeel
|
0-0: SINGLE (Flyball, 9S, EV 85.6 MPH)
|
|
Batting: RHB Tom Evans
|
0-0: Ball 1-0: Foul Ball, location: 2F 1-1: Fielders Choice at 2nd, 5-4 (Groundball, 5, EV 85.6 MPH)
|
| Bottom of the 6th over - 0 runs, 1 hit, 0 errors, 1 left on base; Asheville 1 - Bluff City 3 |
| TOP OF THE 7TH |
|
Asheville Moonshiners batting - Pitching for Bluff City Beasties : RHP Joe Grahe
|
|
Batting: RHB Kevin L Brown
|
0-0: Called Strike 0-1: Ball 1-1: Ball 2-1: SINGLE (Line Drive, 34D, EV 102.5 MPH)
|
|
Batting: RHB Rikkert Faneyte
|
0-0: SINGLE (Line Drive, 9S, EV 95.6 MPH) Kevin L Brown to second Runner from 2nd tries for 3rd, SAFE, throw by RF made to third
|
|
Pinch Hitting: RHB Yamil Benitez
|
0-0: Called Strike 0-1: Ball 1-1: Fly out, F8 (Flyball, 89D, EV 91.3 MPH) Runner from 3rd tags up, SCORES, no throw by CF
|
|
Batting: RHB Jermaine Allensworth
|
0-0: Ball 1-0: Swinging Strike 1-1: Foul Ball, location: 2F 1-2: Ball 2-2: Strikes out swinging
|
|
Batting: SHB Wilton Guerrero
|
0-0: Ball 1-0: Swinging Strike 1-1: Foul Ball, location: 2F 1-2: Strikes out swinging
|
| Top of the 7th over - 1 run, 2 hits, 0 errors, 1 left on base; Asheville 2 - Bluff City 3 |
| BOTTOM OF THE 7TH |
|
Bluff City Beasties batting - Pitching for Asheville Moonshiners : RHP Orel Hershiser
|
|
Now at SS: Shinya Miyamoto
|
|
|
Batting: SHB Jesus Tavarez
|
0-0: Foul Ball, location: 2F 0-1: Ball 1-1: Called Strike 1-2: Ball 2-2: Foul Ball, location: 2F 2-2: Ball 3-2: Foul Ball, location: 2F 3-2: Foul Ball, location: 2F 3-2: Ground out 1-3 (Groundball, P, EV 62.5 MPH)
|
|
Batting: RHB Pat Watkins
|
0-0: Fly out, F6 (Popup, 6MD, EV 66.9 MPH)
|
|
Batting: LHB Jeff Treadway
|
0-0: Ball 1-0: Swinging Strike 1-1: Swinging Strike 1-2: Ball 2-2: Strikes out swinging
|
| Bottom of the 7th over - 0 runs, 0 hits, 0 errors, 0 left on base; Asheville 2 - Bluff City 3 |
| TOP OF THE 8TH |
|
Asheville Moonshiners batting - Pitching for Bluff City Beasties : RHP Joe Grahe
|
|
Pitching: LHP Kevin Wickander
|
|
|
Batting: LHB Randall Simon
|
0-0: Fly out, F8 (Line Drive, 8LD, EV 85.6 MPH)
|
|
Batting: RHB Chris Stynes
|
0-0: Ball 1-0: Ball 2-0: Called Strike 2-1: Ball 3-1: Fly out, F9 (Line Drive, 9, EV 83.1 MPH)
|
|
Batting: RHB Aaron Boone
|
0-0: Foul Ball, location: 2F 0-1: Ball 1-1: Ball 2-1: Foul Ball, location: 2F 2-2: Ball 3-2: Base on Balls
|
|
Batting: LHB Darren Bragg
|
0-0: Ball 1-0: SINGLE (Groundball, 34, EV 85.6 MPH) (infield hit) Aaron Boone to second
|
|
Batting: RHB Kevin L Brown
|
0-0: Called Strike 0-1: Ball 1-1: Foul Ball, location: 2F 1-2: Foul Ball, location: 2F 1-2: Ball 2-2: Strikes out looking
|
| Top of the 8th over - 0 runs, 1 hit, 0 errors, 2 left on base; Asheville 2 - Bluff City 3 |
| BOTTOM OF THE 8TH |
|
Bluff City Beasties batting - Pitching for Asheville Moonshiners : RHP Orel Hershiser
|
|
Batting: LHB Phil Plantier
|
0-0: SINGLE (Line Drive, 78S, EV 94.4 MPH)
|
|
Batting: LHB Paul Sorrento
|
0-0: Ball 1-0: Foul Ball, location: 2F 1-1: Called Strike 1-2: Fly out, F8 (Flyball, 78XD, EV 113.8 MPH)
|
|
Batting: RHB Jeff Manto
|
0-0: Ball 1-0: Ball 2-0: Ball 3-0: Called Strike 3-1: Base on Balls Phil Plantier to second
|
|
Pitching: RHP Julio Machado
|
|
|
Batting: LHB Dan Pasqua
|
0-0: Ball 1-0: Called Strike 1-1: Grounds into double play, 6-4-3 (Groundball, 6, EV 85.6 MPH)
|
| Bottom of the 8th over - 0 runs, 1 hit, 0 errors, 1 left on base; Asheville 2 - Bluff City 3 |
| TOP OF THE 9TH |
|
Asheville Moonshiners batting - Pitching for Bluff City Beasties : LHP Kevin Wickander
|
|
Batting: RHB Rikkert Faneyte
|
0-0: Called Strike 0-1: SINGLE (Groundball, 56D, EV 96.9 MPH)
|
|
Pitching: RHP Mark Small
|
|
|
Batting: RHB Shinya Miyamoto
|
0-0: Sac Bunt to 25 - play at first, batter OUT! 5-4 Rikkert Faneyte to second
|
|
Batting: RHB Jermaine Allensworth
|
0-0: Foul Ball, location: 2F 0-1: Foul Ball, location: 2F 0-2: Ball 1-2: Strikes out looking
|
|
Batting: SHB Wilton Guerrero
|
0-0: Ball 1-0: SINGLE (Groundball, 3L, EV 98.1 MPH) Rikkert Faneyte to third Runner from 3rd tries for Home, SAFE, throw by RF to home
|
|
Batting: LHB Randall Simon
|
0-0: Fly out, F8 (Flyball, 8LM, EV 82.5 MPH)
|
| Top of the 9th over - 1 run, 2 hits, 0 errors, 1 left on base; Asheville 3 - Bluff City 3 |
| BOTTOM OF THE 9TH |
|
Bluff City Beasties batting - Pitching for Asheville Moonshiners : RHP Julio Machado
|
|
Pitching: RHP Mike Draper
|
|
|
Pinch Hitting: SHB Brian McRae
|
0-0: Called Strike 0-1: Called Strike 0-2: Ball 1-2: Foul Ball, location: 2F 1-2: Ball 2-2: Foul Ball, location: 2F 2-2: Ball 3-2: Base on Balls
|
|
Batting: RHB Tom Evans
|
0-0: Called Strike Brian McRae steals 2nd base 0-1: Ground out 5-3 (Groundball, 56S, EV 80.0 MPH)
|
|
Pinch Hitting: RHB Mike Simms
|
0-0: Intentional Walk
|
|
Batting: RHB Pat Watkins
|
0-0: Ball 1-0: Called Strike Brian McRae steals 3rd base 1-1: Fielders Choice at home, 6-2 (Groundball, 6, EV 89.4 MPH) Mike Simms to second
|
|
Batting: LHB Jeff Treadway
|
0-0: Ball 1-0: Called Strike 1-1: Ball 2-1: SINGLE (Groundball, 4MD, EV 103.8 MPH) Mike Simms to third Pat Watkins to second Runner from 3rd tries for Home, SAFE, no throw by CF
|
 |
|
Friday, February 13th, 2026 - OOTP Baseball 20.8 Build 74
|
|